 Dungeon Crawl Stone Soup version 0.17.0-28-g6e173f8 (webtiles) character file.

53 gorblad the Stinger (level 3, -6/16 HPs)
             Began as a Vine Stalker Venom Mage on Nov 30, 2015.
             Mangled by an orc
             ... wielding a +0 trident
              (8 damage)
             ... on level 3 of the Dungeon.
             The game lasted 00:08:01 (1537 turns).

gorblad the Stinger (Vine Stalker Venom Mage)       Turns: 1537, Time: 00:08:02

Health: -6/16      AC:  2    Str: 10    XL:     3   Next: 87%
Magic:  0/7        EV: 12    Int: 16    God:
Gold:   83         SH:  0    Dex: 18    Spells: 3 memorised, 1 level left

rFire  . . .     SeeInvis .     q - +0 short sword
rCold  . . .     Clarity  .     n - +0 robe
rNeg   . . .     SustAt   .     (no shield)
rPois  .         Gourm    .     (no helmet)
rElec  .         Spirit   +     (no cloak)
rCorr  .         Warding  .     (no gloves)
rMut   .         Stasis   .     (no boots)
MR     .....                    (no amulet)
Stlth  ++........               (no ring)
                                j - +4 ring of dexterity

@: very slightly contaminated, not resistant to hostile enchantments, unstealthy
A: fangs 2, regeneration 1, magic shield, antimagic bite, no device heal 3, rot
immunity
a: no special abilities


You were on level 3 of the Dungeon.
You were not hungry.

You visited 1 branch of the dungeon, and saw 3 of its levels.

You collected 83 gold pieces.

Inventory:

Hand Weapons
 q - a +0 short sword (weapon)
Armour
 a - a +0 robe
 h - a +0 robe
 n - a +0 robe (worn)
 o - a +0 leather armour of cold resistance
Jewellery
 j - a +4 ring of dexterity (left hand)
 k - an uncursed ring of protection from fire {unknown}
Potions
 d - 2 potions of heal wounds
 e - 2 potions of flight
 f - a potion of might
 g - 2 potions of curing {unknown}
 l - a potion of lignification {unknown}
 m - a potion of berserk rage {unknown}
 r - a potion of resistance {unknown}
Books
 b - a Young Poisoner's Handbook

   Spells                             Type                      Level
   a - Sting                          Conjuration/Poison           1
   b - Cure Poison                    Poison                       2
   c - Mephitic Cloud                 Conjuration/Poison/Air       3
   d - Olgreb's Toxic Radiance        Poison                       4
   e - Venom Bolt                     Conjuration/Poison           5
Comestibles
 c - 4 bread rations
 i - a meat ration
 s - 9 chunks of flesh


   Skills:
 - Level 1.5 Dodging
 - Level 2.4 Stealth
 + Level 2.5 Spellcasting
 - Level 3.0 Conjurations
 - Level 4.0 Poison Magic


You had one spell level left.
You knew the following spells:

 Your Spells              Type           Power        Failure   Level  Hunger
a - Sting                 Conj/Pois      ##..         6%          1    #......
b - Cure Poison           Pois           ##........   8%          2    ##.....
c - Mephitic Cloud        Conj/Pois/Air  #.......     28%         3    ###....


Dungeon Overview and Level Annotations

Branches:
Dungeon (3/15)

Altars:
Ashenzari


Innate Abilities, Weirdness & Mutations

You have extremely sharp teeth.
Your natural rate of healing is unusually fast.
When hurt, damage is shared between your health and your magic reserves.
Your bite disrupts and absorbs the magic of your enemies.
Potions and wands cannot restore your health.
You are immune to rotting.


Message History

The orc misses you.
Casting: Sting
Confirm with . or Enter, or press ? or * to list all spells.
Aiming: Sting
Press: ? - help, Shift-Dir - straight line, f - orc
Aim: an orc, wielding a trident and wearing a leather armour (heavily wounded)
You miscast Sting.
You are very lightly contaminated with residual magic.
Nothing appears to happen.
Casting: Sting
Confirm with . or Enter, or press ? or * to list all spells.
You don't have enough magic to cast that spell.
Unknown command.
The orc hits you from afar with a trident.
* * * LOW HITPOINT WARNING * * *
Drink which item? (? for menu, Esc to quit)
That would not heal you.
The orc hits you from afar with a trident!
Ouch! That really hurt!
You die...

.# o# )#
#####)#
#..[..#
#.##### #o#
##### #####.##
#...#
#....@.#####
##...#
###..........#
.....#
#............#
##...#
#.#..........#
###.#
#.#####......#
#.# #.#
#......#
####.# #.#
#......#
...#.#####.#
##########
##.#.......#
#......#


You could see an orc.

Vanquished Creatures
  An adder (D:2)
  An ooze (D:1)
  4 giant geckos
  6 orcs (D:3)
  3 bats (D:1)
  2 giant cockroaches (D:2)
  3 hobgoblins
  4 giant newts
  2 goblins (D:3)
  2 kobolds
  4 rats
32 creatures vanquished.

Notes
Turn   | Place    | Note
--------------------------------------------------------------
     0 | D:1      | gorblad the Vine Stalker Venom Mage began the quest for the Orb.
     0 | D:1      | Reached XP level 1. HP: 9/9 MP: 4/4
    98 | D:1      | Reached skill level 1 in Conjurations
   254 | D:1      | Reached XP level 2. HP: 7/13 MP: 0/6
   638 | D:1      | Learned a level 2 spell: Cure Poison
   842 | D:2      | Reached XP level 3. HP: 16/16 MP: 2/7
   870 | D:2      | Learned a level 3 spell: Mephitic Cloud
  1074 | D:2      | Found a shattered altar of Ashenzari.
  1537 | D:3      | Mangled by an orc

Action                   || total
-------------------------++-------
Melee: Unarmed           ||     5
       Short sword       ||    32
 Cast: Sting             ||    60
  Use: Scroll            ||     9
  Eat: Chunk             ||     3
